Map: Automaton LE

Players

Odin

  • Race: Terran Terran
  • League: Gold
  • Spawn Location: 3:00

keyser - Winner!

  • Race: Terran Terran
  • League: Gold

VOD

Have the link to the VOD?

Description

Time

  • Played on: Dec. 13, 2018, 10 p.m.
  • Length: 3:49
Show
View Real Time Build Order
Export as new Build Order

Odin Terran 

Build Orders:  

Get SALT Encoding   

  12  0:00  Unknown  
  12  0:03  Unknown  
  12  0:04  SCV  
  13  0:16  SCV  
  14  0:24  Barracks  
  14  0:31  SCV  
  15  0:45  Unknown  
  15  0:50  Orbital Command  
  15  0:55  Refinery  
  15  1:22  Refinery, SCV  
  16  1:28  Bunker  
  16  1:35  SCV  
  17  1:42  Barracks  
  17  1:44  Barracks Reactor  
  18  1:47  SCV  
  18  1:59  SCV  
  19  2:08  Barracks Tech Lab  
  19  2:11  SCV  
  20  2:21  Marauder  
  20  2:22  Factory  
  20  2:23  SCV  
  23  2:39  Marine x2  
  23  2:48  Unknown  
  25  2:57  Marauder  
  25  2:59  Marine x2  
  25  3:09  Bunker  
  29  3:15  SCV  
  29  3:17  Factory Tech Lab  
  30  3:33  Unknown  
  30  3:44  Unknown x5  
  30  3:45  Unknown  
Show
View Real Time Build Order
Export as new Build Order

keyser Terran - Winner!

Build Orders:  

Get SALT Encoding   

  12  0:00  Unknown x2  
  12  0:03  Unknown  
  13  0:15  Unknown  
  14  0:30  Unknown  
  14  0:33  Refinery  
  15  0:43  Unknown  
  16  0:50  Refinery  
  16  0:55  Unknown  
  16  1:00  Unknown  
  17  1:16  Unknown  
  18  1:28  Unknown  
  18  1:31  Unknown  
  19  1:37  Unknown  
  19  1:44  Unknown  
  20  1:56  Unknown  
  21  2:08  Unknown x4  
  21  2:25  Unknown  
  22  2:43  Unknown  
  23  2:49  Unknown  
  23  2:53  Unknown  
  23  2:55  Unknown  
  23  3:08  Unknown x2  
  33  3:21  Unknown  
  34  3:38  Unknown  
Tags
 
League
GoldGold
Matchup
TvT
Race
Terran
Add a new tag
Caveats
  • Supply blocks, unpowered buildings, or Contaminate may cause inaccurate times.
  • Supply counts are checked every 10 seconds.